 Dungeon Crawl Stone Soup version 0.26-a0-663-g36e8fdb655 (webtiles) character file.

Game seed: 5971054264047523278

1142 Grim the Fighter (level 8, -28/89 HPs)
             Began as an Ogre Berserker on Oct 11, 2020.
             Was a Priest of Trog.
             Annihilated by a large abomination (38 damage)
             ... on level 3 of the Abyss.
             The game lasted 00:10:45 (5750 turns).

Grim the Fighter (Ogre Berserker)                   Turns: 5750, Time: 00:10:46

Health: -28/89     AC:  2    Str: 22      XL:     8   Next: 37%
Magic:  0/6        EV:  7    Int:  4      God:    Trog [***...]
Gold:   313        SH:  0    Dex:  9 (10) Spells: 7/7 levels left

rFire    . . .     SeeInvis .   t - +3 whip
rCold    . . .     Faith    .   (no shield)
rNeg     + . .     Spirit   .   b - +0 animal skin
rPois    .         Reflect  .   (helmet restricted)
rElec    .         Harm     .   (no cloak)
rCorr    .         Rampage  .   (gloves unavailable)
MR       .....     Rnd*Rage +   (boots unavailable)
Stlth    +.........             (no amulet)
HPRegen  0.24/turn              g - ring of positive energy
MPRegen  0.10/turn              (no ring)

@: lethally poisoned (-28 -> -83), afraid, constricted
A: large, unfitting armour, berserk 1, [blurry vision 2], [deformed body],
[dopey 2], [low mp 2], tough skin 1
a: Berserk, Trog's Hand, Renounce Religion


You were on level 3 of the Abyss.
You worshipped Trog.
Trog was most pleased with you.
You visited 1 branch of the dungeon, and saw 5 of its levels.
You visited the Abyss 1 time.

You collected 313 gold pieces.

Inventory:

Hand Weapons
 a - a +0 mace
 t - a +3 whip (weapon)
Missiles
 h - 20 poisoned darts (quivered)
 z - 6 curare-tipped darts
Armour
 b - a +0 animal skin (worn)
Jewellery
 g - a ring of positive energy (left hand)
 n - a cursed amulet of magic regeneration
Wands
 s - a wand of flame (5)
Scrolls
 d - a scroll of random uselessness {unknown}
 f - 2 scrolls of blinking {unknown}
 i - 2 scrolls of amnesia {unknown}
 k - 4 scrolls of teleportation {unknown}
 m - 3 scrolls of remove curse
 o - a scroll of fog {unknown}
 q - 2 scrolls of fear {unknown}
 v - 3 scrolls of noise {unknown}
 w - 3 scrolls of enchant armour {unknown}
 y - 5 scrolls of identify
Potions
 c - 4 potions of stabbing
 e - a potion of flight
 j - 3 potions of haste
 l - a potion of lignification
 p - a potion of ambrosia {unknown}
 r - 2 potions of magic {unknown}
 u - 3 potions of curing {unknown}
 x - 2 potions of brilliance {unknown}
 A - a potion of mutation {unknown}


   Skills:
 + Level 8.3 Fighting
 * Level 7.7 Maces & Flails
 - Level 2.6 Dodging


You had 7 spell levels left.
You didn't know any spells.
Your spell library was empty.

Dungeon Overview and Level Annotations

Branches:
Dungeon (5/15)             Temple (0/1) D:4

Altars:
Ashenzari
Uskayaw

Shops:
D:4 ?

Annotations:
D:5 Edmund


Innate Abilities, Weirdness & Mutations

You are too large for most types of armour.
You have tough skin. (AC +1)
You tend to lose your temper in combat.
[Scrolls take you longer to read.]
[Armour fits poorly on your strangely shaped body.]
[You are very dopey. (Int -4)]
[Your magical capacity is very low. (-20% MP)]


Message History

Unknown command.
Unknown command.
You escape the starspawn tentacle's grasp.
Something hits you.
* * * LOW HITPOINT WARNING * * *
Deactivating autopickup; reactivate with Ctrl-A.
Something hits you!
* * * LOW HITPOINT WARNING * * *
You feel clumsy. Something stings you!
* * * LOW HITPOINT WARNING * * *
You are lethally poisoned!
Something poisons you! The starspawn tentacle grabs you.
* * * LOW HITPOINT WARNING * * *
The starspawn tentacle constricts you.
The starspawn tentacle's grasp on you weakens, but your attempt to escape fails.
* * * LOW HITPOINT WARNING * * *
You feel very sick. The large abomination hits you!!!
You die...

#..##..##.#####...#
#.....#.Λ........#
#.##../#X...∩..# #
#..──<Λ.c.*.c..#
#.#....V>│.###*###
....##./─X..#...#
.....#//t...##.+#
#.#ww......#
#...@X.#..##
##...###...#
#..#... ..#..# ##
#..........#
##.......#.. .##...
.# # .#.# #...


You could see 2 tentacled starspawn, a satyr (scary), an apocalypse crab, a
large abomination, 2 starspawn tentacles and a lurking horror.

Vanquished Creatures
  Sigmund (D:2)
  Eustachio (D:5)
  A water moccasin (D:5)
  2 phantoms (D:5)
  A centaur (D:5)
  3 scorpions (D:4)
  A hound (D:4)
  A jelly (D:5)
  A bullfrog skeleton (D:4)
  Terence (D:2)
  2 worker ants
  7 adders
  A white imp (D:5)
  2 oozes (D:2)
  An adder zombie (D:5)
  An adder skeleton (D:5)
  5 worms
  A dart slug (D:1)
  A leopard gecko (D:2)
  6 orcs
  4 bats
  6 giant cockroaches
  7 goblins
  3 hobgoblins
  17 jackals
  3 kobolds
  2 quokkas
  3 ball pythons
  2 frilled lizards
  7 rats
94 creatures vanquished.

Vanquished Creatures (others)
  31 plants (D:2)
  2 starspawn tentacles (Abyss:3)
33 creatures vanquished.

Grand Total: 127 creatures vanquished

Notes
Turn   | Place    | Note
-------+----------+-------------------------------------------
     0 | D:1      | Grim the Ogre Berserker began the quest for the Orb.
     0 | D:1      | Reached XP level 1. HP: 24/24 MP: 1/1
   315 | D:1      | Reached XP level 2. HP: 29/32 MP: 2/2
   962 | D:2      | Reached XP level 3. HP: 39/40 MP: 3/3
  1207 | D:2      | Reached ** piety under Trog
  1214 | D:2      | Reached XP level 4. HP: 49/49 MP: 4/4
  1404 | D:2      | Reached skill level 5 in Fighting
  1510 | D:2      | Noticed Terence
  1520 | D:2      | Killed Terence
  1963 | D:2      | Reached XP level 5. HP: 47/57 MP: 5/5
  2053 | D:2      | Noticed Sigmund
  2066 | D:2      | Killed Sigmund
  2066 | D:2      | Reached skill level 6 in Fighting
  2066 | D:2      | Reached skill level 5 in Maces & Flails
  2066 | D:2      | Reached XP level 6. HP: 67/67 MP: 6/6
  3389 | D:4      | Found a staircase to the Ecumenical Temple.
  3624 | D:4      | Found Vessutism's Magic Scroll Emporium.
  3739 | D:4      | Reached XP level 7. HP: 73/76 MP: 7/7
  4265 | D:4      | Found a broken altar of Ashenzari.
  4265 | D:4      | Found a hide-covered altar of Uskayaw.
  4555 | D:4      | Reached skill level 7 in Fighting
  4776 | D:5      | Entered Level 5 of the Dungeon
  4776 | D:5      | Noticed Eustachio
  4789 | D:5      | Killed Eustachio
  5184 | D:5      | Reached XP level 8. HP: 71/88 MP: 8/8
  5351 | D:5      | Noticed Edmund
  5375 | D:5      | Reached skill level 8 in Fighting
  5664 | D:5      | Reached *** piety under Trog
  5673 | D:5      | Cast into level 2 of the Abyss (Edmund)
  5673 | Abyss:2  | Found a corrupted altar of Lugonu.
  5705 | Abyss:2  | Noticed a wretched star
  5717 | Abyss:2  | Noticed a sixfirhy
  5734 | Abyss:2  | Gained mutation: You tend to lose your temper in combat. [a
                  | neqoxec]
  5736 | Abyss:2  | Noticed a worldbinder
  5737 | Abyss:2  | Noticed a dream sheep
  5738 | Abyss:2  | Noticed a cane toad
  5739 | Abyss:3  | Noticed a tentacled starspawn
  5739 | Abyss:3  | Noticed a tentacled starspawn
  5739 | Abyss:3  | Noticed an apocalypse crab
  5739 | Abyss:3  | Noticed a satyr
  5743 | Abyss:3  | Noticed a large abomination
  5750 | Abyss:3  | Annihilated by a large abomination

Illustrated notes

Levels and vault maps discovered:
D:1:      evilmike_arrival_hilbert_curve, layout_basic, serial_glass,
          glass_columns_a, glass_columns_a, glass_columns_a, glass_columns_a,
          glass_columns_c, glass_columns_c, glass_columns_b, glass_columns_a,
          glass_columns_c, glass_columns_a
D:2:      layout_loops_ring, serial_bayou_lagoon_a, uniq_terence, uniq_sigmund
D:3:      layout_basic
D:4:      layout_loops_corners, gammafunk_temple_overflow_elements,
          minmay_temple_entry_large_hall, serial_shops, shop_scrolls,
          minmay_misc_feat_enclosed
D:5:      layout_basic, minmay_fractal_squares_5, uniq_eustachio, uniq_menkaure,
          uniq_edmund
Abyss:3:  base: D:4, evilmike_abyss_exit_9, nicolae_abyss_rune_left_handed

Skill      XL: |  1  2  3  4  5  6  7  8 |
---------------+-------------------------+-----
Maces & Flails | 3 4 5 7 |  7.7
Fighting       | 5 6 7 8 |  8.3
Dodging        | |  2.6

Action                   |  1- 3 |  4- 6 |  7- 9 || total
-------------------------+-------+-------+-------++-------
Melee: Mace              |    66 |   105 |       ||   171
       Whip              |       |    40 |   127 ||   167
Throw: Dart              |     1 |    38 |    17 ||    56
       Throwing net      |       |     1 |       ||     1
Invok: Berserk           |     3 |     2 |     2 ||     7
       Trog's Hand       |       |     1 |     1 ||     2
Evoke: Wand              |       |       |     9 ||     9
  Use: Scroll            |       |     5 |       ||     5
       Potion            |       |       |     1 ||     1
 Stab: Sleeping          |       |     1 |       ||     1
Armor: Animal skin       |    24 |    29 |    18 ||    71
       Skin              |       |       |     4 ||     4
Dodge: Dodged            |    47 |    46 |    60 ||   153

Table legend: (Time is in decaauts)
 A = Elapsed time spent in this place.
 B = Non-inter-level travel time spent in this place.
 C = Inter-level travel time spent in this place.
 D = Time resting spent in this place.
 E = Time spent auto-exploring this place.
 F = Levels seen in this place.
 G = Mean time per level.
                   A        B        C        D        E       F      G
               +--------+--------+--------+--------+--------+-----+--------+
         Total |   5805 |   5669 |    136 |   1829 |   3017 |   7 |  829.3 |
       Dungeon |   5723 |   5587 |    136 |   1793 |   3017 |   5 | 1144.6 |
         Abyss |     82 |     82 |      0 |     35 |      0 |   2 |   41.0 |
               +--------+--------+--------+--------+--------+-----+--------+

Top non-repeatable levels by time:
     D:2: 1824 daAuts
     D:4: 1440 daAuts
     D:1: 1009 daAuts
     D:5: 882 daAuts
     D:3: 566 daAuts
 Abyss:2: 71 daAuts
 Abyss:3: 10 daAuts
